 Dungeon Crawl Stone Soup version 0.32-a0-886-g41c5271027 (webtiles) character file.

Game seed: 14530800808585168949

127663 Frousche the Fetichist (level 17, -9/133 HPs)
             Began as a Coglin Artificer on Apr 2, 2024.
             Was the Champion of Okawaru.
             Mangled by a spriggan berserker
             ... wielding a +0 antimagic rapier
              (23 damage)
             ... on level 2 of the Swamp.
             The game lasted 02:32:03 (30527 turns).

Frousche the Fetichist (Coglin Artificer)          Turns: 30527, Time: 02:32:03

Health: -9/133     AC: 24    Str: 14    XL:     17   Next: 1%
Magic:  7/17       EV: 30    Int: 13    God:    Okawaru [******]
Gold:   2236       SH:  0    Dex: 22    Spells: 16/16 levels left

rFire   . . .        a - +8 pair of quick blades "Gyre" and "Gimble" {protect}
rCold   . . .        (shield currently unavailable)
rNeg    . . .        S - +0 chain mail of the Evening {Rampage}
rPois   +            k - +1 hat
rElec   .            M - +2 cloak "Meun" {rPois rCorr Int+2 Dex-2}
rCorr   +            L - +1 pair of gloves {Dex+3}
SInv    .            m - +2 pair of boots
Will    ++...        (amulet unavailable) Stlth
                     (ring unavailable)
HPRegen 0.42/turn    (ring unavailable)
MPRegen 0.15/turn    z - recursive booster {Rampage Acrobat rPois Will+ rCorr}

%: acrobat, rampage
@: confused, about to teleport, ambrosia-drunk, acrobatic, very slow
A: off-hand wielding, slow wielding, warmup strikes, no jewellery
a: Renounce Religion, Heroism, Finesse, Duel


You were on level 2 of the Swamp.
You worshipped Okawaru.
Okawaru was exalted by your worship.
You visited 5 branches of the dungeon, and saw 26 of its levels.
You also visited: Bailey and Ice Cave.

You collected 2980 gold pieces.
You spent 744 gold pieces at shops.

Inventory:

Hand Weapons
 a - the +8 pair of quick blades "Gyre" and "Gimble" (weapon) {protect}
   (You acquired it on level 4 of the Dungeon)
 e - the +7 rapier "Jilotafy" {protect, Dex+4}
   (Okawaru gifted it to you on level 15 of the Dungeon)

   Dex+4:     It affects your dexterity (+4).
 B - a +3 hand cannon of flaming
 D - a +0 dagger of electrocution {Kaya}
Missiles
 d - 12 javelins
 g - 10 darts of dispersal
 n - 2 throwing nets
 o - 3 datura-tipped darts
 t - 183 stones
 u - 5 silver javelins
 v - 51 poisoned darts
 H - 20 boomerangs
 K - a curare-tipped dart
 P - 4 atropa-tipped darts
Armour
 k - a +1 hat (worn)
 m - a +2 pair of boots (worn)
 L - a +1 pair of gloves of dexterity (worn)
 M - the +2 cloak "Meun" (worn) {rPois rCorr Int+2 Dex-2}
   (You found it in a bailey)

   Int+2:     It affects your intelligence (+2).
   Dex-2:     It affects your dexterity (-2).
   rPois:     It protects you from poison.
   rCorr:     It protects you from acid and corrosion.
 S - the +0 chain mail of the Evening (worn) {Rampage}
   (Okawaru gifted it to you on level 1 of the Lair of Beasts)

   Rampage:   It bestows one free step when moving towards enemies.
Gizmo
 z - a recursive booster (installed) {Rampage Acrobat rPois Will+ rCorr}
   (You invented it yourself on level 15 of the Dungeon)

   [recursive booster]

   rPois:     It protects you from poison.
   Will+:     It increases your willpower.
   rCorr:     It protects you from acid and corrosion.
   Rampage:   It bestows one free step when moving towards enemies.
   Acrobat:   It increases your evasion after moving or waiting.
Wands
 c - a wand of flame (13)
 w - a wand of mindburst (2) (quivered)
 y - a wand of paralysis (26)
 G - a wand of roots (8)
 Y - a wand of light (15)
Scrolls
 p - 2 scrolls of poison
 q - a scroll of enchant armour
 A - 5 scrolls of fog
 C - 4 scrolls of identify
 E - 6 scrolls of teleportation
 I - a scroll of enchant weapon
 N - a scroll of amnesia
 Q - a scroll of vulnerability
 R - 2 scrolls of revelation
 W - 2 scrolls of fear
Potions
 b - a potion of attraction
 f - 4 potions of enlightenment
 h - 3 potions of might
 j - a potion of resistance
 l - 3 potions of cancellation
 r - 3 potions of ambrosia
 s - 4 potions of mutation
 x - 2 potions of curing
 T - 2 potions of haste
Miscellaneous
 O - a Gell's gravitambourine (2/2)
 Z - a phantom mirror


   Skills:
 - Level 12.0 Fighting
 - Level 12.5 Short Blades
 + Level 15.1 Armour
 - Level 15.2 Dodging
 - Level 0.7 Stealth
 - Level 19.0 Evocations


You had 16 spell levels left.
You didn't know any spells.
Your spell library contained the following spells:

 Spells                   Type           Power      Damage    Failure   Level
 Apportation              Tloc           0%         N/A       92%         1
 Shock                    Conj/Air       0%         1d3       92%         1
 Ensorcelled Hibernation  Hex/Ice        0%         N/A       98%         2
 Jinxbite                 Hex            0%         N/A       98%         2
 Lesser Beckoning         Tloc           0%         N/A       98%         2
 Mercury Vapours          Alch/Air       0%         N/A       98%         2
 Scorch                   Fire           0%         2d5       98%         2
 Frozen Ramparts          Ice            0%         1d1       100%        3
 Hailstorm                Conj/Ice       0%         3d5       100%        3
 Inner Flame              Hex/Fire       0%         N/A       100%        3
 Maxwell's Portable Pile  Tloc           0%         2d(5-13)  100%        3
 Mephitic Cloud           Conj/Alch/Air  0%         N/A       100%        3
 Passwall                 Erth           0%         N/A       100%        3
 Swiftness                Air            0%         N/A       100%        3
 Teleport Other           Tloc           0%         N/A       100%        3
 Airstrike                Air            0%         2d(0-16)  100%        4
 Brom's Barrelling Bould  Conj/Erth      0%         2d3       100%        4
 Dimensional Bullseye     Hex/Tloc       0%         N/A       100%        4
 Flame Wave               Conj/Fire      0%         2d4       100%        4
 Ignite Poison            Fire/Alch      0%         N/A       100%        4
 Iskenderun's Mystic Bla Conj/Tloc 0%             2d3        (+2d1     100%        4
 Olgreb's Toxic Radiance  Alch           0%         N/A       100%        4
 Sticky Flame             Fire/Alch      0%         2d4       100%        4
 Alistair's Intoxication  Alch           0%         N/A       100%        5
 Borgnjor's Vile Clutch   Necr/Erth      0%         N/A       100%        5
 Fireball                 Conj/Fire      0%         3d3       100%        5
 Freezing Cloud           Conj/Ice/Air   0%         6-21      100%        5
 Iskenderun's Battlesphe  Conj           0%         2d6       100%        5
 Metabolic Englaciation   Hex/Ice        0%         N/A       100%        5
 Conjure Ball Lightning   Conj/Air       0%         3x3d6     100%        6
 Eringya's Noxious Bog    Alch           0%         4d6       100%        6
 Permafrost Eruption      Ice/Erth       0%         2x4d1     100%        6
 Orb of Destruction       Conj           0%         9d5       100%        7
 Ozocubu's Refrigeration  Ice            0%         4d7       100%        7
 Discord                  Hex            0%         N/A       100%        8
 Ignition                 Fire           0%         3d3       100%        8
 Summon Ice Beast         Ice/Summ       Unusable   N/A       N/A         3
 Tukima's Dance           Hex            Unusable   N/A       N/A         3
 Sculpt Simulacrum        Ice/Alch       Unusable   N/A       N/A         6
 Summon Cactus Giant      Summ           Unusable   N/A       N/A         6

Dungeon Overview and Level Annotations

Branches:
Dungeon (15/15)            Temple (1/1) D:7            Lair (5/5) D:11
  Swamp (3/4) Lair:3        Snake (0/4) Lair:3        Slime (0/5) Lair:4
    Orc (2/2) D:9             Elf (0/3) Orc:2        Vaults (0/5) D:13
 Depths (0/4) D:15         Bailey (visited)           IceCv (visited)

Altars:
Ashenzari
Cheibriados
Dithmenos
Elyvilon
Fedhas
Gozag
Hepliaklqana
Kikubaaqudgha
Makhleb
Nemelex Xobeh
Okawaru
Qazlal
Ru
Sif Muna
Trog
Uskayaw
Vehumet
Wu Jian
Xom
Yredelemnul
Zin
The Shining One
Jiyva

Shops:
D:9 !(   D:10 *   D:15 *   Orc:2 ?[([

Annotations:
Swamp:2 Donald


Innate Abilities, Weirdness & Mutations

You can wield a second weapon in your off-hand.
It takes a long time for you to wield or remove held weapons.
Your first few attacks do less damage.
You cannot equip rings or amulets.


Message History

Donald completely misses you.
The spriggan berserker hits you with a +0 antimagic rapier!
You feel your power leaking away.
Aiming: Mindburst
Press: ? - help, Q - select action, (/) - cycle Shift-Dir - straight line, f/p - Donald
Aim: Donald, wielding a +1 eveningstar of protection, wearing a +0 chain mail and wearing a +0 kite shield (strong, chance to affect: 48%)
Okay, then.
As you read the scroll of teleportation, it crumbles to dust.
You feel strangely unstable.
The spriggan berserker hits you with a +0 antimagic rapier.
Donald gestures wildly while chanting.
Donald seems to speed up.
The spriggan berserker splashes around in the water.
Donald attacks as he pursues you! Donald closely misses you.
The spriggan berserker closely misses you.
Donald barely misses you.
Your surroundings seem slightly different.
Splash!
You fall into the shallow water.
Moving in this stuff is going to be slow.
As you read the scroll of teleportation, it crumbles to dust.
You feel strangely unstable.
Donald says, "Maybe I'll visit Hell next."
Aiming: Mindburst
Press: ? - help, Q - select action, (/) - cycle Shift-Dir - straight line, f/p - Donald
Aim: Donald, wielding a +1 eveningstar of protection, wearing a +0 chain mail and wearing a +0 kite shield (fast, strong, chance to affect: 48%) Donald resists with some effort.
Donald hits you with a +1 eveningstar of protection.
You are confused.
You feel invigorated.
Donald hits you with a +1 eveningstar of protection!!
* * * LOW HITPOINT WARNING * * *
The spriggan berserker hits you with a +0 antimagic rapier!
* * * LOW HITPOINT WARNING * * *
You feel your power leaking away. Donald makes a rude gesture at you.
Donald barely misses you. Donald closely misses you.
The spriggan berserker hits you with a +0 antimagic rapier!!
You die...

♣♣♣♣♣♣♣♣♣.~♣~~♣♣ ♣♣...♣♣♣
♣♣..~.♣♣..§~.~~.♣ ♣♣.§~~..♣
♣.~~>.♣♣~~~..~~.♣ ♣.~~§~...
♣.~§♣♣♣♣...♣§§~~♣ ♣♣♣...~♣.
♣♣§~~~♣♣......<♣♣ ♣♣~~♣♣♣
♣~...§§.....~~♣♣♣♣ ♣♣..♣ ♣
♣~..~....~~~...~.♣ ♣♣~..♣♣♣
♣......~~~~§~....♣♣♣..~.♣♣.
♣♣~~...~~~@~.§......~§~~♣♣.
♣♣♣...~~~i@~..~~.~~~~§.~♣♣
♣~..~~~~~~.~~~~§§~~~.~.~
♣♣♣♣♣...§~~.~~~.>~~~.♣♣♣♣♣~~
♣..~<♣♣..§..~~..~~~~§♣ ♣♣♣
♣.~~.♣♣.~~~....~§~~~.♣ ♣
♣~~~...~~~~~..~~~.[..♣♣ ♣
♣♣.....~~§~~♣.~~~~....♣♣♣♣
♣♣....~~~.♣♣♣..♣~.~~.~..♣♣♣


You could see Donald (fast, strong) and a spriggan berserker (berserk).

Vanquished Creatures
  Rupert (D:14)
  Mlioglotl (Swamp:2)
  3 ghouls (Swamp:2)
  2 eleionomae
  3 bunyips
  8 hydras
  3 vault guards (D:13)
  3 ogre magi
  Erica (Lair:1)
  3 catoblepae
  2 ghost crabs
  3 alligators
  3 boulder beetles
  9 two-headed ogres
  2 centaur warriors
  A deep troll earth mage (D:15)
  2 death yaks (Lair:2)
  3 orc high priests (Orc:2)
  Nergalle (D:12)
  Amaemon (D:10)
  4 skysharks
  3 skeletal warriors (D:15)
  5 goliath frogs
  3 spriggan druids
  A death drake (Swamp:3)
  A swamp dragon (Swamp:2)
  2 arcanists (D:13)
  6 bog bodies
  An obsidian bat (Orc:1)
  2 lindwurms (Lair:5)
  A necromancer (IceCv)
  A deep elf zephyrmancer (D:15)
  10 orc knights
  A deep elf pyromancer (Bailey)
  6 spectral spriggans (Swamp:2)
  7 ugly things
  4 orc sorcerers (Orc:2)
  2 manticores (D:12)
  Maurice (D:10)
  3 cyclopes
  3 kobold blastminers
  15 elephants
  2 ice statues (IceCv)
  4 orange demons
  A torpor snail (Lair:3)
  3 black mambas
  A cane toad (shapeshifter) (D:15)
  21 cane toads
  2 gargoyles (D:13)
  2 kobold demonologists
  Jeremiah (D:6)
  2 unseen horrors
  10 komodo dragons
  4 rime drakes
  A freezing wraith (Swamp:2)
  3 yaktaurs
  Psyche (D:11)
  4 ice devils (IceCv)
  A queen bee (D:11)
  4 trolls
  A bloated husk (Swamp:2)
  3 polar bears
  5 hornets
  A wind drake (shapeshifter) (D:14)
  16 blink frogs
  8 tyrant leeches
  12 slime creatures
  Sigmund (D:2)
  A shadow (D:12)
  51 yaks
  2 wyverns
  6 spriggans
  2 humans (D:13)
  4 dire elephant simulacra (IceCv)
  10 basilisks
  4 wraiths
  2 steam dragons
  18 vampire mosquitoes
  10 wargs
  3 harpy simulacra (IceCv)
  3 nagas (Lair:3)
  10 water moccasins
  3 hydra simulacra (IceCv)
  13 swamp worms
  Duvessa (D:6)
  8 swamp drakes
  29 orc warriors
  A black bear (shapeshifter) (D:15)
  2 ice beasts
  A black bear (D:4)
  A laughing skull (D:15)
  3 centaurs
  21 wolves
  7 ogres
  A phantom (D:5)
  5 kobold brigands
  2 gnoll sergeants
  16 bullfrogs
  5 scorpions
  A two-headed ogre simulacrum (IceCv)
  A cane toad simulacrum (IceCv)
  A wyvern zombie (D:8)
  7 wights
  Dowan (D:6)
  29 killer bees
  2 elephant simulacra (IceCv)
  7 howler monkeys
  2 electric eels
  A centaur zombie (D:8)
  6 lava snakes (D:7)
  5 hounds
  7 jellies
  10 orc priests
  A gnoll bouda (D:6)
  Jessica (D:3)
  20 orc wizards
  An iguana (D:6)
  A polar bear simulacrum (IceCv)
  A troll simulacrum (IceCv)
  A wolf simulacrum (IceCv)
  10 gnolls
  11 adders
  4 ufetubi (D:6)
  4 dart slugs
  3 ribbon worms
  70 orcs
  6 ball pythons
  5 endoplasms
  2 giant cockroaches
  5 goblins
  7 hobgoblins
  A quokka (D:4)
  4 bats
  2 frilled lizards
  29 kobolds
  5 rats
770 creatures vanquished.

Vanquished Creatures (others)
  2 bloated husks (Swamp:2)
  An orc (Orc:2)
3 creatures vanquished.

Grand Total: 773 creatures vanquished

Notes
Turn   | Place    | Note
-------+----------+-------------------------------------------
     0 | D:1      | Frousche the Coglin Artificer began the quest for the Orb.
     0 | D:1      | Reached XP level 1. HP: 15/15 MP: 1/1
   174 | D:1      | Reached skill level 1 in Short Blades
   180 | D:1      | Reached XP level 2. HP: 21/21 MP: 2/2
   415 | D:1      | Reached XP level 3. HP: 26/26 MP: 3/3
   600 | D:2      | Noticed Sigmund
   700 | D:2      | Killed Sigmund
   701 | D:2      | Reached skill level 5 in Evocations
   701 | D:2      | Reached XP level 4. HP: 14/32 MP: 4/4
   701 | D:2      | Reached XP level 5. HP: 16/37 MP: 5/5
   963 | D:2      | Reached XP level 6. HP: 36/43 MP: 6/6
  1167 | D:2      | Reached skill level 6 in Evocations
  1891 | D:3      | Found an iron altar of Okawaru.
  1903 | D:3      | Became a worshipper of Warmaster Okawaru
  2142 | D:3      | Noticed Jessica
  2148 | D:3      | Killed Jessica
  2180 | D:3      | You fall into a shaft and drop 2 floors!
  2180 | D:5      | Entered Level 5 of the Dungeon
  2418 | D:4      | Found a shimmering blue altar of Sif Muna.
  2650 | D:4      | Reached skill level 5 in Short Blades
  2799 | D:4      | Reached XP level 7. HP: 46/48 MP: 7/7
  3082 | D:4      | Identified a scroll of acquirement
  3082 | D:4      | Acquired the +8 pair of quick blades "Gyre" and "Gimble"
                  | {protect}
  3082 | D:4      | Found the +8 pair of quick blades "Gyre" and "Gimble"
                  | {protect}
  3172 | D:5      | Reached skill level 7 in Evocations
  3526 | D:5      | Found an ancient bone altar of Kikubaaqudgha.
  3557 | D:5      | Reached * piety under Okawaru
  3722 | D:6      | Reached XP level 8. HP: 54/54 MP: 8/8
  3754 | D:6      | Noticed Dowan
  3771 | D:6      | Killed Dowan
  3783 | D:6      | Noticed Duvessa
  3795 | D:6      | Killed Duvessa
  3796 | D:6      | Reached skill level 8 in Evocations
  4018 | D:6      | Reached ** piety under Okawaru
  4048 | D:6      | Noticed Jeremiah
  4095 | D:6      | Killed Jeremiah
  4096 | D:6      | Reached skill level 9 in Evocations
  4289 | D:6      | Reached XP level 9. HP: 31/59 MP: 9/9
  5200 | D:7      | Reached skill level 10 in Evocations
  5342 | D:7      | Found a glowing silver altar of Zin.
  5424 | D:7      | Reached *** piety under Okawaru
  5893 | D:7      | Found a staircase to the Ecumenical Temple.
  6088 | Temple   | Entered the Ecumenical Temple
  6146 | D:8      | Reached skill level 1 in Dodging
  6250 | D:8      | Reached skill level 10 in Short Blades
  6396 | D:8      | Reached XP level 10. HP: 61/65 MP: 10/10
  6470 | D:8      | Found a basalt altar of Yredelemnul.
  6520 | D:8      | Noticed a two-headed ogre
  6526 | D:8      | Killed a two-headed ogre
  6526 | D:8      | Reached **** piety under Okawaru
  6527 | D:8      | Reached skill level 5 in Dodging
  6654 | D:8      | Found a hide-covered altar of Uskayaw.
  6835 | D:8      | Found a radiant altar of Vehumet.
  6835 | D:8      | Found a broken altar of Ashenzari.
  6835 | D:8      | Found a bloodstained altar of Trog.
  7462 | D:9      | Found a flagged portal.
  7550 | Bailey   | Entered a bailey
  7737 | Bailey   | Noticed an orc knight
  7748 | Bailey   | Killed an orc knight
  7818 | Bailey   | Found a large runed translucent door.
  7818 | Bailey   | Found a large runed translucent door.
  7819 | Bailey   | Noticed a deep elf pyromancer
  7904 | Bailey   | Killed a deep elf pyromancer
  7904 | Bailey   | Reached ***** piety under Okawaru
  7916 | Bailey   | Identified the +2 cloak "Meun" {rPois rCorr Int+2 Dex-2}
  7932 | Bailey   | Got Sif Muna's Compendium of the Azure Fair Folk
  7997 | Bailey   | Acquired a manual of Evocations
  8025 | D:9      | Found Ruededgh's Distillery.
  8036 | D:9      | Bought a potion of heal wounds for 75 gold pieces
  8036 | D:9      | Bought a potion of curing for 45 gold pieces
  8036 | D:9      | Bought a potion of curing for 45 gold pieces
  8052 | D:9      | Found a staircase to the Orcish Mines.
  8068 | D:9      | Found Nezer's Weapon Shoppe.
  8211 | D:9      | Reached XP level 11. HP: 58/70 MP: 11/11
  8457 | D:10     | Entered Level 10 of the Dungeon
  8524 | D:10     | Noticed a two-headed ogre
  8535 | D:10     | Killed a two-headed ogre
  8576 | D:10     | Noticed a two-headed ogre
  8580 | D:10     | Killed a two-headed ogre
  8629 | D:10     | Noticed Amaemon
  8636 | D:10     | Killed Amaemon
  8637 | D:10     | Reached skill level 5 in Armour
  8637 | D:10     | Reached skill level 10 in Dodging
  8774 | D:10     | Noticed Maurice
  8782 | D:10     | Killed Maurice
  9122 | D:10     | Found Liurypt's Assorted Antiques.
  9131 | D:10     | Bought a potion of heal wounds for 145 gold pieces
  9131 | D:10     | Bought a scroll of blinking for 217 gold pieces
  9131 | D:10     | Bought a pair of embroidered gloves for 217 gold pieces
  9176 | D:10     | Found an opulent altar of Gozag.
  9448 | D:11     | Noticed a two-headed ogre
  9449 | D:11     | Found a staircase to the Lair.
  9460 | D:10     | Killed a two-headed ogre
  9725 | D:11     | Noticed Psyche
  9727 | D:11     | Paralysed by Psyche for 2 turns
  9735 | D:11     | Killed Psyche
  9735 | D:11     | Reached ****** piety under Okawaru
  9735 | D:11     | Received a gift from Okawaru
  9903 | D:11     | Reached skill level 10 in Armour
 10054 | Lair:1   | Entered Level 1 of the Lair of Beasts
 10486 | D:11     | Reached XP level 12. HP: 76/76 MP: 12/12
 10749 | D:12     | Received a gift from Okawaru
 10786 | D:12     | Noticed Nergalle
 10965 | D:12     | Killed Nergalle
 11856 | D:13     | Received a gift from Okawaru
 11865 | D:13     | Noticed a centaur warrior
 11879 | D:13     | Killed a centaur warrior
 11880 | D:13     | Reached skill level 11 in Evocations
 12128 | D:13     | Noticed a catoblepas
 12191 | D:13     | Killed a catoblepas
 12540 | D:13     | Noticed a catoblepas
 12551 | D:13     | Killed a catoblepas
 12552 | D:13     | Reached skill level 12 in Evocations
 12688 | D:13     | Noticed a boulder beetle
 12728 | D:13     | Killed a boulder beetle
 12729 | D:13     | Reached skill level 5 in Fighting
 13344 | D:13     | Noticed a boulder beetle
 13359 | D:13     | Killed a boulder beetle
 13403 | D:13     | Reached XP level 13. HP: 82/93 MP: 13/13
 13410 | D:13     | Noticed a vault guard
 13600 | D:13     | Received a gift from Okawaru
 13612 | D:13     | Reached skill level 13 in Evocations
 13645 | D:13     | Reached skill level 14 in Evocations
 13661 | D:13     | Killed a vault guard
 13742 | D:13     | Found a gate to the Vaults.
 13742 | D:13     | Noticed a vault guard
 13742 | D:13     | Noticed a vault guard
 13746 | D:13     | Killed a vault guard
 13748 | D:13     | Killed a vault guard
 13792 | D:14     | Noticed Rupert
 13940 | Orc:1    | Entered Level 1 of the Orcish Mines
 14105 | Orc:2    | Entered Level 2 of the Orcish Mines
 14112 | Orc:2    | Received a gift from Okawaru
 14245 | Orc:2    | Reached skill level 15 in Evocations
 14651 | Orc:2    | Found a staircase to the Elven Halls.
 14840 | Orc:2    | Received a gift from Okawaru
 14842 | Orc:2    | Reached skill level 10 in Fighting
 15561 | Orc:2    | Found Icegoab's Magic Scroll Shoppe.
 15561 | Orc:2    | Found Arrazuis's Antique Armour Boutique.
 15563 | Orc:2    | Found Nokk's Antique Armour Shoppe.
 15563 | Orc:2    | Found Tadweaxia's Antique Weapon Boutique.
 15852 | Orc:2    | Reached XP level 14. HP: 87/113 MP: 14/14
 16225 | Orc:1    | Received a gift from Okawaru
 17668 | Lair:1   | Noticed Erica
 17675 | Lair:1   | Killed Erica
 17779 | Lair:1   | Reached skill level 16 in Evocations
 17964 | Lair:1   | Received a gift from Okawaru
 18231 | Lair:1   | Acquired the +0 chain mail of the Evening {Rampage}
 18231 | Lair:1   | Received a gift from Okawaru
 19230 | Lair:2   | Reached skill level 17 in Evocations
 19730 | Lair:3   | Received a gift from Okawaru
 19856 | Lair:3   | Found a staircase to the Swamp.
 20131 | Lair:3   | Reached skill level 18 in Evocations
 20541 | Lair:3   | Found a staircase to the Snake Pit.
 20551 | Lair:3   | Reached skill level 15 in Armour
 20564 | Lair:3   | Reached XP level 15. HP: 83/120 MP: 15/15
 21473 | Lair:4   | Found a viscous altar of Jiyva.
 21479 | Lair:4   | Found a staircase to the Slime Pits.
 21697 | Lair:4   | Found a frozen archway.
 21843 | IceCv    | Entered an ice cave
 22033 | IceCv    | Received a gift from Okawaru
 22116 | IceCv    | Reached skill level 19 in Evocations
 22649 | Lair:5   | Entered Level 5 of the Lair of Beasts
 22913 | Lair:5   | Received a gift from Okawaru
 23319 | Lair:5   | Found a hide-covered altar of Uskayaw.
 23319 | Lair:5   | Found an ornate altar of the Wu Jian Council.
 23611 | Lair:5   | Identified the +5 scale mail "Trusted Companion" {Harm
                  | *Corrode Dex+3}
 23612 | Lair:5   | Identified the +5 spear of Ziufeugh {venom, rF++}
 23786 | Lair:5   | Received a gift from Okawaru
 25274 | D:14     | Paralysed by Rupert for 2 turns
 25291 | D:14     | Killed Rupert
 25478 | D:15     | Entered Level 15 of the Dungeon
 25508 | D:15     | Reached XP level 16. HP: 98/127 MP: 16/16
 25803 | D:15     | Found Ziakhlah's Gadget Gallery.
 25866 | D:15     | Received a gift from Okawaru
 26625 | D:15     | Found a staircase to the Depths.
 26957 | D:15     | Acquired a recursive booster {Rampage Acrobat rPois Will+
                  | rCorr}
 26958 | D:15     | Acquired the +7 rapier "Jilotafy" {protect, Dex+4}
 26958 | D:15     | Received a gift from Okawaru
 27125 | Swamp:1  | Entered Level 1 of the Swamp
 27536 | Swamp:1  | Received a gift from Okawaru
 28532 | Swamp:2  | Noticed Mlioglotl
 28547 | Swamp:2  | Noticed a lich
 28549 | Swamp:2  | Killed Mlioglotl
 29360 | Swamp:2  | Received a gift from Okawaru
 29474 | Swamp:2  | Reached skill level 15 in Dodging
 30187 | Swamp:3  | Reached XP level 17. HP: 126/133 MP: 17/17
 30275 | Swamp:3  | Noticed Donald
 30527 | Swamp:2  | Mangled by a spriggan berserker

Illustrated notes

Levels and vault maps discovered:
D:1:      nicolae_arrival_washed_ashore, layout_rooms
D:2:      layout_loops_corners, minmay_close_crescents, uniq_sigmund
D:3:      layout_basic, nicolae_overflow_crystal_walls, grunt_decor_arrowhead,
          minmay_misc_feat_doors, nicolae_concentric_dashed_squares_mild,
          minmay_misc_feat_diagonals, kennysheep_generic_room_5, uniq_jessica
D:4:      layout_cave_pools, hellmonk_sif_muna_bookshelves,
          nicolae_houndstooth_variations
D:5:      layout_loops_ring, mainiacjoe_overflow_cross_hatched
D:6:      layout_loops_ring, uniq_jeremiah, uniq_duvessa
D:7:      layout_loops_ring, zin_statuary, temple_fountains, kennysheep_boxes
D:8:      layout_basic, eat_drink_and_be_merry_uskayaw,
          lemuel_zombie_altar_yredelemnul, gammafunk_temple_overflow_claw
D:9:      layout_roguey, orc_david_3, serial_shops, shop, enter_bailey_6
D:10:     layout_stronghold, nicolae_gozag_cash_rules_everything_around_me,
          serial_shops, shop, grunt_decor_mini_mirrors, uniq_amaemon,
          uniq_maurice
D:11:     layout_stronghold, erik_lair_orcish_takeover, minivault_7, uniq_psyche
D:12:     layout_basic, einodemon_barbed_minivault, uniq_nergalle
D:13:     layout_basic, grunt_vaults_entry_fortified
D:14:     layout_stronghold, hangedman_abyss_or_decor_slice, uniq_rupert
D:15:     hellmonk_depths_entry_around_the_bend, layout_basic,
          kennysheep_crisscross, minivault_25_ag, serial_bayou_pond_e,
          nicolae_shop_gadgets
Temple:   nicolae_temple_godzebo
Lair:1:   layout_gridlike, grunt_megastairs_5, uniq_erica
Lair:2:   layout_chaotic_city, wad_woods_road_06
Lair:3:   layout_layer_cave, minmay_swamp_entry_swarm,
          guppyfry_snake_entry_island
Lair:4:   layout_misc_corridors, nicolae_slime_entry_field_trip,
          portal_ice_cave_entry_animals_and_master
Lair:5:   minmay_lair_end_frog_pond, layout_cave_shapes, st_stairs_6,
          nzn_masters_of_martial_movement
Swamp:1:  nicolae_swamp_ascending_descending_big, layout_basic_swamp,
          wheals_swamp_sinkhole
Swamp:2:  nicolae_swamp_flooded_prison, layout_basic_swamp,
          evilmike_swamp_ruin_house_3, swamp_pool_5, uniq_mlioglotl
Swamp:3:  layout_basic_swamp, serial_swamp_ruin, evilmike_swamp_ruin_house_1,
          evilmike_swamp_ruin_house_5, nicolae_swamp_trees_clearing,
          uniq_donald, uniq_louise
Orc:1:    cheibrodos_orc_guarddog, layout_caves
Orc:2:    grunt_orc_tribal_feast, layout_caves

Skill      XL: |  1  2  3  4  5  6  7  8  9 10 11 12 13 14 15 16 |
---------------+-------------------------------------------------+-----
Short Blades   | 1 3 4 5 6 8 10 11 12 | 12.5
Evocations     | 5 6 7 9 10 12 15 18 19 | 19.0
Dodging        | 3 9 10 12 15 | 15.2
Armour         | 3 11 13 15 | 15.1
Fighting       | 5 11 12 | 12.0
Stealth        | |  0.7

Action                     |  1- 3 |  4- 6 |  7- 9 | 10-12 | 13-15 | 16-18 || total
---------------------------+-------+-------+-------+-------+-------+-------++-------
  Melee: Dagger            |    83 |   190 |    14 |       |       |       ||   287
         Club              |    26 |       |       |       |       |       ||    26
         Long sword        |       |    53 |       |       |       |       ||    53
         Pair of quick bla |       |       |   420 |  1337 |  4049 |  1755 ||  7561
  Throw: Dart              |       |       |    20 |     2 |       |       ||    22
 Invoke: Receive Armour    |       |       |       |       |     1 |       ||     1
         Receive Weapon    |       |       |       |       |       |     1 ||     1
Ability: Invent Gizmo      |       |       |       |       |       |     1 ||     1
  Evoke: Wand              |    11 |       |    10 |    23 |    38 |    17 ||    99
         Gell's gravitambo |       |       |       |     1 |     1 |       ||     2
    Use: Scroll            |       |     7 |     9 |     7 |    12 |     5 ||    40
         Potion            |       |       |     2 |     4 |     8 |     6 ||    20
   Stab: Sleeping          |       |     5 |     1 |       |       |       ||     6
         Paralysed         |       |       |     2 |    16 |    11 |     8 ||    37
         Distracted        |       |       |     1 |       |       |       ||     1
         Invisible         |       |       |       |     1 |     9 |       ||    10
 Armour: Leather armour    |    42 |    81 |    85 |    12 |       |       ||   220
         Scale mail        |       |       |       |   305 |   243 |       ||   548
         Chain mail        |       |       |       |       |   707 |   299 ||  1006
  Dodge: Dodged            |    37 |    55 |    57 |   208 |   675 |   232 ||  1264

Table legend: (Time is in decaauts)
 A = Elapsed time spent in this place.
 B = Non-inter-level travel time spent in this place.
 C = Inter-level travel time spent in this place.
 D = Time resting spent in this place.
 E = Time spent auto-exploring this place.
 F = Levels seen in this place.
 G = Mean time per level.
                   A        B        C        D        E       F      G
               +--------+--------+--------+--------+--------+-----+--------+
         Total |  30014 |  27568 |   2446 |   3672 |  17472 |  28 | 1071.9 |
       Dungeon |  16177 |  14696 |   1481 |   1491 |   9873 |  15 | 1078.5 |
        Temple |     33 |     33 |      0 |      0 |      0 |   1 |   33.0 |
          Lair |   6661 |   6228 |    433 |    665 |   4278 |   5 | 1332.2 |
         Swamp |   3381 |   2979 |    402 |    322 |   2051 |   3 | 1127.0 |
  Orcish Mines |   2801 |   2672 |    129 |    997 |   1120 |   2 | 1400.5 |
        Bailey |    440 |    440 |      0 |     73 |     17 |   1 |  440.0 |
      Ice Cave |    518 |    518 |      0 |    124 |    132 |   1 |  518.0 |
               +--------+--------+--------+--------+--------+-----+--------+

Top non-repeatable levels by time:
    D:13: 2117 daAuts
 Swamp:2: 2063 daAuts
   Orc:1: 1727 daAuts
  Lair:3: 1652 daAuts
  Lair:1: 1549 daAuts
    D:15: 1429 daAuts
     D:7: 1392 daAuts
  Lair:5: 1360 daAuts
    D:14: 1286 daAuts
  Lair:2: 1266 daAuts
    D:10: 1236 daAuts
    D:11: 1221 daAuts
 Swamp:1: 1143 daAuts
     D:2: 1118 daAuts
     D:6: 1080 daAuts
